 Dungeon Crawl Stone Soup version 0.27-a0-1591-gc56fcc985a (webtiles) character file.

Game seed: 17952550120433599136

51 Gwenloh the Grave Robber (level 3, 0/28 HPs)
             Began as a Deep Dwarf Necromancer on July 19, 2021.
             Slain by Natasha (2 damage)
             ... on level 2 of the Dungeon.
             The game lasted 00:06:34 (1561 turns).

Gwenloh the Grave Robber (Deep Dwarf Necromancer)   Turns: 1561, Time: 00:06:34

Health: 0/28       AC:  3    Str: 11    XL:     3   Next: 57%
Magic:  0/6        EV: 11    Int: 16    God:
Gold:   43         SH:  0    Dex: 13    Spells: 2/6 levels left

rFire    . . .     SeeInvis .   e - staff of death
rCold    . . .     Faith    .   (no shield)
rNeg     + . .     Spirit   .   h - +0 leather armour
rPois    +         Reflect  .   (no helmet)
rElec    .         Harm     .   (no cloak)
rCorr    .         Rampage  .   (no gloves)
Will     .....                  (no boots)
Stlth    ++........             (no amulet)
HPRegen  0.00/turn              d - ring of poison resistance
MPRegen  0.10/turn              (no ring)

@: no status effects
A: damage resistance, heal wounds, sense surroundings 1, no regeneration
a: Heal Wounds


You were on level 2 of the Dungeon.
You visited 1 branch of the dungeon, and saw 2 of its levels.

You collected 43 gold pieces.

Inventory:

Hand Weapons
 b - a +0 dagger
 f - a +0 hunting sling
Armour
 a - a +0 robe
 h - a +0 leather armour (worn)
Magical Staves
 e - a staff of death (weapon)
Jewellery
 d - a ring of poison resistance (left hand)
Scrolls
 j - a scroll of enchant armour {unknown}
 k - a scroll of teleportation {unknown}
Potions
 c - a potion of attraction {unknown}
 g - a potion of ambrosia {unknown}
 i - a potion of flight {unknown}


   Skills:
 + Level 1.5 Armour
 - Level 2.1 Dodging
 - Level 2.4 Stealth
 + Level 2.2 Spellcasting
 * Level 5.2 Necromancy


You had 2 spell levels left.
You knew the following spells:

 Your Spells              Type           Power      Damage    Failure   Level
a - Pain                  Necr           100%       1d9       3%          1
b - Vampiric Draining     Necr           13%        2d7       10%         3

Your spell library contained the following spells:

 Spells                   Type           Power      Damage    Failure   Level
 Animate Skeleton         Necr           54%        N/A       3%          1
 Animate Dead             Necr           13%        N/A       30%         4
 Agony                    Necr           27%        N/A       65%         5


Dungeon Overview and Level Annotations

Branches:
Dungeon (2/15)

Altars:

Annotations:
D:2 Natasha


Innate Abilities, Weirdness & Mutations

You are resistant to damage.
You can heal yourself by infusing magical energy.
You passively map a small area around you.
You do not regenerate.


Message History

Press: ? - help, Shift-Dir - straight line, f/p - Natasha
Aim: Natasha (severely wounded, chance to affect: 84%)
You feel a surge of power!
Natasha barely resists.
Natasha barely misses you.
Casting: Pain (safe; 3% risk of failure)
Confirm with . or Enter, or press ? or * to list all spells.
Aiming: Pain (safe; 3% risk of failure)
Press: ? - help, Shift-Dir - straight line, f/p - Natasha
Aim: Natasha (severely wounded, chance to affect: 84%)
You feel a surge of power!
Natasha writhes in agony.
Natasha closely misses you.
You hit Natasha but do no damage.
Natasha is almost dead.
Natasha casts a spell.
You completely miss Natasha.
Natasha is almost dead.
Natasha misses you. The iron imp hits you!
* * * LOW HITPOINT WARNING * * *
You closely miss Natasha.
Natasha is almost dead.
Natasha claws you. Natasha completely misses you.
The iron imp closely misses you.
Casting: Pain (safe; 3% risk of failure)
Confirm with . or Enter, or press ? or * to list all spells.
Aiming: Pain (safe; 3% risk of failure)
Press: ? - help, Shift-Dir - straight line, f/p - Natasha
Aim: Natasha (almost dead, chance to affect: 84%)
You feel a surge of power!
Natasha barely resists.
Natasha closely misses you.
Casting: Pain (safe; 3% risk of failure)
Confirm with . or Enter, or press ? or * to list all spells.
You don't have enough magic to cast this spell.
You don't have enough magic to cast this spell.
You closely miss Natasha.
Natasha is almost dead.
The iron imp disappears for a moment.
The iron imp hits you!
* * * LOW HITPOINT WARNING * * *
Natasha howls an incantation.
You feel disoriented. Natasha claws you.
You die...

, , .. , * .. * .##*
**#. * * .. *##...
#<## #... #..##..#
####.#..#* , #....@h#*
, *#.##5### * #.#####
### #.....# ####.# *,
* *#####.# ###....# **
, #.## ##...#..# ,*
#..# #..###.## ,*
..#.#######.###.####.#
,
..............#.###..#


You could see an iron imp (summoned) and Natasha.

Vanquished Creatures
  2 worms (D:1)
  6 dart slugs (D:1)
  A bat (D:1)
  8 endoplasms (D:1)
  A goblin (D:1)
  2 jackals (D:1)
  A kobold (D:1)
  6 ball pythons (D:1)
  A frilled lizard (D:1)
  5 rats (D:1)
33 creatures vanquished.

Notes
Turn   | Place    | Note
-------+----------+-------------------------------------------
     0 | D:1      | Gwenloh the Deep Dwarf Necromancer began the quest for the
                  | Orb.
     0 | D:1      | Reached XP level 1. HP: 15/15 MP: 3/3
     1 | D:1      | Found a runed translucent door.
   252 | D:1      | Reached XP level 2. HP: 16/22 MP: 1/4
   405 | D:1      | Reached skill level 1 in Armour
   673 | D:1      | Reached skill level 5 in Necromancy
   716 | D:1      | Reached XP level 3. HP: 17/28 MP: 2/6
   720 | D:1      | Learned a level 3 spell: Vampiric Draining
  1552 | D:2      | Noticed Natasha
  1561 | D:2      | Slain by Natasha

Illustrated notes

Levels and vault maps discovered:
D:1:      dpeg_arrival_caged_fury, layout_loops_ring, minmay_heptomino_h4
D:2:      layout_rooms, ebering_ecumenical_altar_webs, uniq_natasha

Skill      XL: |  1  2 |
---------------+-------+-----
Spellcasting   | 2 |  2.2
Armour         | 1 |  1.5
Necromancy     | 5 |  5.2
Dodging        | |  2.1
Stealth        | |  2.4

Action                   || total
-------------------------++-------
Melee: Unarmed           ||     7
       Dagger            ||     6
       Staff             ||    17
 Cast: Pain              ||    56
       Vampiric Draining ||     8
Armor: Robe              ||     2
       Leather armour    ||     2
Dodge: Dodged            ||    24

Table legend: (Time is in decaauts)
 A = Elapsed time spent in this place.
 B = Non-inter-level travel time spent in this place.
 C = Inter-level travel time spent in this place.
 D = Time resting spent in this place.
 E = Time spent auto-exploring this place.
 F = Levels seen in this place.
 G = Mean time per level.
                   A        B        C        D        E       F      G
               +--------+--------+--------+--------+--------+-----+--------+
         Total |   1563 |   1544 |     19 |    242 |    963 |   2 |  781.5 |
       Dungeon |   1563 |   1544 |     19 |    242 |    963 |   2 |  781.5 |
               +--------+--------+--------+--------+--------+-----+--------+

Top non-repeatable levels by time:
     D:1: 1466 daAuts
     D:2: 96 daAuts
